 Dungeon Crawl Stone Soup version 0.19-a0-459-gb8ed64d (webtiles) character file.

584 incide the Covered (level 7, 0/72 HPs)
             Began as a Formicid Wanderer on June 2, 2016.
             Was a Follower of Uskayaw.
             Succumbed to Eustachio's poison
             ... on level 5 of the Dungeon.
             The game lasted 00:11:45 (4568 turns).

incide the Covered (Formicid Wanderer)              Turns: 4568, Time: 00:11:46

Health: 0/72       AC: 23    Str: 21      XL:     7   Next: 64%
Magic:  5/7        EV:  2    Int: 11      God:    Uskayaw [*.....]
Gold:   167        SH:  0    Dex: 11 (13) Spells: 0 memorised, 6 levels left

rFire  . . .     SeeInvis .     u - +0 battleaxe
rCold  . . .     Gourm    .     (armour currently unavailable)
rNeg   + + +     Faith    .     (no shield)
rPois  +         Spirit   .     (helmet unavailable)
rElec  .         Dismiss  .     (cloak currently unavailable)
rCorr  .         Reflect  .     (gloves currently unavailable)
SustAt .         Harm     .     (boots currently unavailable)
MR     .....                    (no amulet)
Stlth  +++.......               (no ring)
                                (no ring)

@: agile, lethally poisoned (0 -> -9), tree-form (expiring), not resistant to
hostile enchantments, fairly stealthy
A: permanent stasis, dig shafts and tunnels, four strong arms, (antennae 0)
a: Stomp, Renounce Religion


You were on level 5 of the Dungeon.
You worshipped Uskayaw.
Uskayaw was aware of your devotion.
You were hungry.
You were a tree.
You visited 1 branch of the dungeon, and saw 5 of its levels.

You collected 167 gold pieces.

Inventory:

Hand Weapons
 a - a +2 mace
 s - a +0 flail
 u - a +0 battleaxe (weapon)
Missiles
 w - 4 tomahawks (quivered)
Armour
 r - a +0 chain mail (melded)
Jewellery
 y - an uncursed ring of resist corrosion {unknown}
Wands
 x - a wand of iceblast (0/15)
Scrolls
 e - a scroll of blinking {unknown}
 f - 4 scrolls of identify {unknown}
 h - a scroll of fog {unknown}
 j - a scroll of noise {unknown}
 l - 3 scrolls of teleportation {unknown}
 o - a scroll of magic mapping {unknown}
 p - a scroll of enchant armour {unknown}
 v - a scroll of immolation {unknown}
 z - a scroll of random uselessness {unknown}
 C - a scroll of remove curse {unknown}
Potions
 b - a potion of haste
 c - a potion of lignification
Comestibles
 d - 5 bread rations
 i - 3 meat rations
 n - 5 fruits


   Skills:
 - Level 1.1 Fighting
 + Level 4.5(5.6) Axes
 - Level 5.1(5.9) Maces & Flails
   Level 1.5 Bows
 + Level 5.2 Armour
 - Level 1.2 Stealth
   Level 1.2 Shields


You had 6 spell levels left.
You didn't know any spells.

Dungeon Overview and Level Annotations

Branches:
Dungeon (5/15)
 Temple: D:4-7

Altars:
Ashenzari
Cheibriados
Dithmenos
Kikubaaqudgha
Nemelex Xobeh
Okawaru
Pakellas
Qazlal
Uskayaw
The Shining One

Annotations:
D:5 Eustachio; Xiguana's ghost, novice HOFi


Innate Abilities, Weirdness & Mutations

You are under a permanent stasis effect.
You can dig through walls and to a lower floor.
Your four strong arms can wield two-handed weapons with a shield.
((You have a pair of large antennae on your head. (SInv)))


Message History

The rat is moderately wounded.
You miss the quokka. You miss the bat.
* * * LOW HITPOINT WARNING * * *
You feel sick.
The quasit disappears in a puff of smoke!
The bat hits you but does no damage. x3
The quokka bites you but does no damage.
The bat hits you but does no damage. Eustachio hits you but does no damage.
The rat bites you but does no damage.
The quokka twitches its whiskers.
The quokka barely misses you.
The ufetubus hits you but does no damage. x2
Eustachio hits you but does no damage.
You closely miss Eustachio.
Eustachio is severely wounded.
You barely miss the bat. You barely miss the quokka.
You hit the rat but do no damage.
The rat is moderately wounded.
You miss the ufetubus.
You die...

.....#########....#
.....# ...........#
.....# .....###'###
.....# (... #...#
.....# ... #...#
.....# ..
##...#.......
.....# .
#b...#<......
.....#
#..5@#.......
.....#
#..r♣#..@....
.....#
##.rb#.......
.....# #...#.......
.....#
##'###.......
.....# #......#
.....# #......#{
.....# #......#
..'......#
###...(..#


You could see Eustachio, an ufetubus, a quokka, 2 bats and a rat.

Vanquished Creatures
  2 phantoms (D:5)
  A big kobold (D:5)
  A scorpion (D:5)
  A hound (D:4)
  A giant frog skeleton (D:5)
  2 orc wizards (D:5)
  A worker ant (D:4)
  6 adders
  An ooze (D:2)
  2 dart slugs (D:2)
  2 giant geckos
  9 orcs
  9 giant cockroaches
  10 hobgoblins
  5 quokkas
  3 ball pythons
  A ball python skeleton (D:4)
  9 bats
  4 giant newts
  6 goblins
  6 kobolds
  12 rats
94 creatures vanquished.

Notes
Turn   | Place    | Note
--------------------------------------------------------------
     0 | D:1      | incide the Formicid Wanderer began the quest for the Orb.
     0 | D:1      | incide set off with: a +2 mace, a +0 ring mail, a potion of lignification, a bread ration
     0 | D:1      | Reached XP level 1. HP: 15/15 MP: 1/1
    85 | D:1      | Reached XP level 2. HP: 13/21 MP: 2/2
   416 | D:1      | Reached skill level 3 in Maces & Flails
   636 | D:1      | Reached XP level 3. HP: 21/26 MP: 3/3
   940 | D:2      | Reached skill level 4 in Maces & Flails
   940 | D:2      | Reached XP level 4. HP: 22/32 MP: 4/4
  1118 | D:2      | Found a snail-covered altar of Cheibriados.
  1157 | D:2      | Found a sparkling altar of Nemelex Xobeh.
  1326 | D:2      | Found an oddly glowing altar of Pakellas.
  1470 | D:2      | Found a glowing golden altar of the Shining One.
  1971 | D:3      | Found an ancient bone altar of Kikubaaqudgha.
  2045 | D:3      | Reached XP level 5. HP: 37/37 MP: 5/5
  2158 | D:3      | Reached skill level 5 in Maces & Flails
  2280 | D:4      | Found a shadowy altar of Dithmenos.
  2332 | D:4      | Found a shattered altar of Ashenzari.
  2548 | D:4      | Found an iron altar of Okawaru.
  2748 | D:4      | HP: 7/37 [poisoned by a worker ant]
  2749 | D:4      | Reached skill level 1 in Axes
  2754 | D:4      | HP: 6/37 [poisoned by a worker ant]
  3180 | D:5      | Entered Level 5 of the Dungeon
  3201 | D:5      | HP: 5/37 [orc wizard/puff of flame (12)]
  3205 | D:5      | Reached skill level 2 in Axes
  3213 | D:5      | Reached XP level 6. HP: 29/43 MP: 6/6
  3239 | D:5      | Noticed Xiguana's ghost (novice HOFi)
  3262 | D:4      | Reached skill level 3 in Axes
  3456 | D:5      | Found a hide-covered altar of Uskayaw.
  3464 | D:5      | Became a worshipper of Uskayaw the Reveler
  3536 | D:5      | Reached * piety under Uskayaw
  3538 | D:5      | HP: 8/43 [Xiguana's ghost (14)]
  3672 | D:5      | Reached ** piety under Uskayaw
  3687 | D:5      | HP: 8/43 [scorpion (4)]
  3689 | D:5      | HP: 3/43 [poisoned by a scorpion]
  3691 | D:5      | Reached skill level 4 in Armour
  3971 | D:5      | Reached XP level 7. HP: 40/48 MP: 7/7
  3976 | D:5      | Found a stormy altar of Qazlal.
  4035 | D:5      | Reached skill level 4 in Axes
  4280 | D:5      | HP: 9/48 [phantom (5)]
  4285 | D:5      | Reached skill level 5 in Armour
  4536 | D:5      | Noticed Eustachio
  4563 | D:5      | HP: 13/72 [poisoned by Eustachio]
  4566 | D:5      | HP: 5/72 [poisoned by Eustachio]
  4566 | D:5      | HP: 2/72 [quokka[Eustachio] (3)]
  4568 | D:5      | Succumbed to Eustachio's poison

Vault maps used:
D:1:      minmay_arrival_statue_studded
D:2:      old_standard_altar, kennysheep_slug_shrine, tso_oasis_becter,
          grunt_pakellas_basics
D:3:      lemuel_zombie_altar_kikubaaqudgha
D:4:      old_standard_altar, evilmike_ruin_ashenzari, kennysheep_mini,
          first_bread
D:5:      kennysheep_little_box, nicolae_overflow_crystal_walls,
          grunt_qazlal_clouds, uniq_eustachio, uniq_grinder

Skill      XL: |  1  2  3  4  5  6  7 |
---------------+----------------------+-----
Maces & Flails | 3 4 5 |  5.1
Axes           | 2 3 4 |  4.5
Armour         | 4 5 |  5.2
Fighting       | |  1.1
Bows           | |  1.5
Stealth        | |  1.2
Shields        | |  1.2

Action                   |  1- 3 |  4- 6 |  7- 9 || total
-------------------------+-------+-------+-------++-------
Melee: Mace              |    85 |   120 |       ||   205
       Battleaxe         |       |   123 |    70 ||   193
Invok: Stomp             |       |       |     1 ||     1
Evoke: Wand              |       |     2 |       ||     2
  Use: Potion            |       |     4 |     3 ||     7
  Eat: Chunk             |       |     7 |       ||     7
       Pizza             |       |     2 |       ||     2
       Royal jelly       |       |       |     1 ||     1
Armor: Ring mail         |    25 |    32 |       ||    57
       Chain mail        |       |   148 |    34 ||   182
       Skin              |       |       |   137 ||   137
Dodge: Dodged            |    56 |   110 |    33 ||   199
